 Dungeon Crawl Stone Soup version 0.26.1-11-gd32895ea62 (webtiles) character file.

Game seed: 4691729349878028064

27 swilekon the Chiller (level 3, 0/21 HPs)
             Began as an Octopode Ice Elementalist on July 7, 2021.
             Slain by an orc wizard
             ... wielding a +0 dagger
              (3 damage)
             ... on level 3 of the Dungeon.
             The game lasted 00:02:09 (919 turns).

swilekon the Chiller (Octopode Ice Elementalist)     Turns: 919, Time: 00:02:11

Health: 0/21       AC:  1    Str:  7    XL:     3   Next: 10%
Magic:  4/6        EV: 13    Int: 18    God:
Gold:   35         SH:  0    Dex: 12    Spells: 6/7 levels left

rFire    . . .     SeeInvis .   c - +0 dagger
rCold    . . .     Faith    .   (no shield)
rNeg     . . .     Spirit   .   (helmet restricted)
rPois    .         Reflect  .   (no amulet)
rElec    .         Harm     .   (no ring)
rCorr    .         Rampage  .   (no ring)
Will     .....                  (no ring)
Stlth    +++.......             (no ring)
HPRegen  0.07/turn              (no ring)
MPRegen  0.10/turn              (no ring)
                                (no ring)
                                (no ring)

@: no status effects
A: almost no armour, stealthy swim, amphibious, 8 rings, constrict 8, camouflage
1, gelatinous body 1
a: no special abilities


You were on level 3 of the Dungeon.
You visited 1 branch of the dungeon, and saw 3 of its levels.

You collected 35 gold pieces.

Inventory:

Hand Weapons
 c - a +0 dagger (weapon)
Scrolls
 d - a scroll of magic mapping {unknown}
 f - a scroll of teleportation {unknown}
Potions
 a - a potion of heal wounds {unknown}
 b - 2 potions of might {unknown}
 e - a potion of ambrosia {unknown}


   Skills:
 + Level 2.3 Dodging
 + Level 3.2 Stealth
 * Level 2.5 Spellcasting
 + Level 4.2 Ice Magic


You had 6 spell levels left.
You knew the following spells:

 Your Spells              Type           Power        Failure   Level
a - Freeze                Ice            68%          3%          1

Your spell library contained the following spells:

 Spells                   Type           Power        Failure   Level
 Frozen Ramparts          Ice            34%          9%          3
 Ozocubu's Armour         Ice            17%          9%          3
 Hailstorm                Conj/Ice       9%           58%         4
 Summon Ice Beast         Ice/Summ       9%           58%         4


Dungeon Overview and Level Annotations

Branches:
Dungeon (3/15)

Altars:


Innate Abilities, Weirdness & Mutations

You cannot wear most types of armour.
You are very stealthy in the water. (Stealth+)
You are amphibious.
You can wear up to eight rings at the same time.
You can use your tentacles to constrict eight enemies at once.
Your skin changes colour to match your surroundings (Stealth+).
Your rubbery body absorbs attacks. (AC +1, EV +1)


Message History

Ouch! That really hurt!
* * * LOW HITPOINT WARNING * * *
Found 30 sling bullets.
You are too injured to fight recklessly!
An ooze comes into view.
The orc wizard hits you with a +0 dagger.
* * * LOW HITPOINT WARNING * * *
The ooze moves out of view.
Found a dark potion.
You are too injured to fight recklessly!
Casting: Freeze (safe; 3% risk of failure)
Confirm with . or Enter, or press ? or * to list all spells.
Aiming: Freeze (safe; 3% risk of failure)
Press: ? - help, Shift-Dir - straight line, f - orc wizard
Aim: an orc wizard, wielding a +0 dagger and wearing a +0 robe You freeze the orc wizard.
The orc wizard is moderately wounded.
A rat comes into view.
The orc wizard hits you with a +0 dagger.
You die...

.≈≈!.§.#
.≈§≈(...
§§≈....
§§§≈...#
≈§§§≈...##
...≈.....#
r.....o..#
#@.# #.##
#)#########
#..........
###.######
#.# #.# #.#
## #.# #.


You could see an orc wizard and a rat (wandering).

Vanquished Creatures
  An adder (D:3)
  An orc (D:3)
  A ball python (D:3)
  2 giant cockroaches
  3 goblins
  2 hobgoblins
  A quokka (D:3)
  A frilled lizard (D:3)
  3 rats
15 creatures vanquished.

Vanquished Creatures (others)
  4 plants (D:1)
4 creatures vanquished.

Grand Total: 19 creatures vanquished

Notes
Turn   | Place    | Note
-------+----------+-------------------------------------------
     0 | D:1      | swilekon the Octopode Ice Elementalist began the quest for
                  | the Orb.
     0 | D:1      | Reached XP level 1. HP: 11/11 MP: 3/3
     3 | D:1      | Noticed an electric eel
     4 | D:1      | Noticed an electric eel
   262 | D:2      | Reached XP level 2. HP: 10/17 MP: 1/5
   812 | D:3      | Reached XP level 3. HP: 21/21 MP: 4/6
   919 | D:3      | Slain by an orc wizard

Illustrated notes

Levels and vault maps discovered:
D:1:      arrival_aquarium_b, layout_basic, serial_forest,
          infiniplex_forest_clump_curved, infiniplex_forest_clump_large,
          infiniplex_forest_end_3, infiniplex_forest_straight_2
D:2:      layout_basic, general_overflow_altar, kennysheep_generic_room_4
D:3:      layout_basic, overflow_temple_1_default,
          nicolae_qazlal_general_emergency, nicolae_overflow_hidden_temple

Skill      XL: |  1  2 |
---------------+-------+-----
Stealth        | 3 |  3.2
Dodging        | |  2.3
Spellcasting   | |  2.5
Ice Magic      | |  4.2

Action                   || total
-------------------------++-------
Melee: Dagger            ||    10
       Constrict         ||     3
       Tentacles         ||     3
 Cast: Freeze            ||    18
Armor: Skin              ||     1
Dodge: Dodged            ||     9
